 Dungeon Crawl Stone Soup version 0.30-a0-852-g08b95dd62f (webtiles) character file.

Game seed: 12090338701696057939

111 Zonian the Trooper (level 4, -3/25 HPs)
             Began as a Vine Stalker Fighter on Mar 4, 2023.
             Killed by divine providence
             ... invoked by an orc priest
              (7 damage)
             ... on level 3 of the Dungeon.
             The game lasted 00:03:40 (2248 turns).

Zonian the Trooper (Vine Stalker Fighter)           Turns: 2248, Time: 00:03:40

Health: -3/25      AC:  6    Str: 21    XL:     4   Next: 92%
Magic:  0/14       EV:  9    Int:  8    God:
Gold:   109        SH:  5    Dex: 13    Spells: 3/3 levels left

rFire   . . .      SeeInvis .      - Unarmed
rCold   . . .      Faith    .    b - +1 buckler
rNeg    . . .      Spirit   +    a - +0 scale mail
rPois   .          Reflect  .    (no helmet)
rElec   .          Rampage  .    f - scarf {shadows}
rCorr   .                        (no gloves)
Will    .....                    (no boots) Stlth
                                 (no amulet)
HPRegen 1.04/turn                r - ring of magical power
MPRegen 0.14/turn                (no ring)

@: no status effects
A: fangs 2, regeneration 1, magic shield, antimagic bite, no potion heal 2
a: no special abilities


You were on level 3 of the Dungeon.
You visited 1 branch of the dungeon, and saw 3 of its levels.

You collected 109 gold pieces.

Inventory:

Missiles
 j - 3 poisoned darts
 l - 2 throwing nets (quivered)
 n - 3 boomerangs
Armour
 a - a +0 scale mail (worn)
 b - a +1 buckler (worn)
 f - a scarf of shadows (worn)
Jewellery
 d - an amulet of faith
 r - a ring of magical power (left hand)
Scrolls
 e - a scroll of teleportation
 i - 2 scrolls of blinking
 k - a scroll of immolation
Potions
 c - a potion of might
 g - 3 potions of curing
 h - 2 potions of magic {unknown}
 o - 2 potions of flight {unknown}
 p - a potion of lignification {unknown}
 q - a potion of ambrosia {unknown}
 t - a potion of haste {unknown}


   Skills:
 + Level 4.0 Fighting
 - Level 2.4 Armour
 - Level 2.6 Shields
 + Level 3.7 Unarmed Combat


You had 3 spell levels left.
You didn't know any spells.
Your spell library was empty.

Dungeon Overview and Level Annotations

Branches:
Dungeon (3/15)

Altars:

Annotations:
D:3 2 transporters, hgbash's ghost, amateur DECj


Innate Abilities, Weirdness & Mutations

You have extremely sharp teeth.
Your natural rate of healing is unusually fast.
When hurt, damage is shared between your health and your magic reserves.
Your bite disrupts and absorbs the magic of your enemies.
Potions cannot restore your health.


Message History

An orc is nearby!
Unknown command.
You hit the orc.
The orc is severely wounded.
The orc hits you with a +0 mace.
You closely miss the orc. You bite the orc. You drain its power.
You feel invigorated.
The orc is almost dead.
The orc hits you with a +0 mace.
You hit the orc.
You kill the orc!
You see here a +0 mace.
Unknown command.
HP restored.
Magic restored.
An orc, an orc priest and an orc wizard come into view.
The orc priest is wielding a +2 hand axe of distortion.
The orc shouts!
The orc priest shouts!
The orc wizard shouts!
You closely miss the orc. You bite the orc. You drain its power.
The orc is moderately wounded.
The orc wizard mumbles some strange words.
The orc wizard flickers and vanishes!
Deactivating autopickup; reactivate with Ctrl-A.
You block the orc's attack.
You hit the orc. You bite the orc.
You kill the orc!
The orc priest calls down the wrath of Beogh upon you.
Beogh smites you!
Your Fighting skill increases to level 4!
The orc priest hits you with a +2 hand axe of distortion.
Space warps horribly around you!
* * * LOW HITPOINT WARNING * * *
Things that are here:
a +0 whip; an orc corpse You hit the orc priest but do no damage.
You bite the orc priest. You drain its power.
You feel invigorated.
The orc priest is lightly wounded.
The orc priest invokes the aid of Beogh against you.
Beogh smites you!
You die...

#.. ..# #.# #.# ###
##># #.# #.###..###
#.# .........# #.#
###
#.#......###.###.##
####.......)......#
##.##########.##
#.# #@# #.# #o# #+#
#{# #.# #.# ..# #
..# + #


You could see an orc priest.

Vanquished Creatures
  An orc priest (D:3)
  A gnoll (D:3)
  An adder (D:2)
  4 orcs (D:3)
  5 endoplasms
  2 giant cockroaches
  5 goblins
  4 hobgoblins
  4 jackals (D:2)
  2 quokkas
  4 ball pythons
  5 bats
  7 frilled lizards
  4 kobolds (D:1)
  10 rats
59 creatures vanquished.

Vanquished Creatures (others)
  2 fungi
2 creatures vanquished.

Grand Total: 61 creatures vanquished

Notes
Turn   | Place    | Note
-------+----------+-------------------------------------------
     0 | D:1      | Zonian the Vine Stalker Fighter began the quest for the
                  | Orb.
     0 | D:1      | Reached XP level 1. HP: 11/11 MP: 2/2
    63 | D:1      | Reached XP level 2. HP: 16/16 MP: 3/3
   130 | D:1      | Reached skill level 3 in Fighting
  1009 | D:2      | Reached XP level 3. HP: 17/20 MP: 4/4
  1759 | D:3      | Gained mutation: Your natural rate of healing is unusually
                  | fast. [Vine Stalker growth]
  1759 | D:3      | Reached XP level 4. HP: 24/24 MP: 5/5
  1863 | D:3      | Found a transporter.
  1885 | D:3      | Found a transporter.
  1886 | D:3      | Noticed an ancient zyme
  1890 | D:3      | Noticed a small abomination
  1892 | D:3      | Noticed hgbash's ghost (amateur DECj)
  1903 | D:3      | Noticed a small abomination
  2247 | D:3      | Reached skill level 4 in Fighting
  2248 | D:3      | Killed from afar by an orc priest

Illustrated notes

Levels and vault maps discovered:
D:1:      lightli_arrival_boilingwater, layout_basic,
          dreamdust_mushroom_princess, minmay_liquid_box, hex_tiny,
          hangedman_decor_points
D:2:      layout_loops_ring, st_stairs_1
D:3:      minmay_diamond_boxcup, layout_loops_corners,
          gammafunk_ghost_abyssal_escape, minmay_close_crescents,
          uniq_crazy_yiuf_cottage

Skill      XL: |  1  2  3  4 |
---------------+-------------+-----
Fighting       | 3 4 |  4.0
Unarmed Combat | 3 |  3.7
Armour         | |  2.4
Shields        | |  2.6

Action                     |  1- 3 |  4- 6 || total
---------------------------+-------+-------++-------
  Melee: Unarmed           |   144 |    40 ||   184
         Bite              |    45 |    12 ||    57
    Use: Scroll            |       |     7 ||     7
 Armour: Scale mail        |    58 |     9 ||    67
  Dodge: Dodged            |    67 |     8 ||    75
  Block: Buckler           |    30 |     7 ||    37

Table legend: (Time is in decaauts)
 A = Elapsed time spent in this place.
 B = Non-inter-level travel time spent in this place.
 C = Inter-level travel time spent in this place.
 D = Time resting spent in this place.
 E = Time spent auto-exploring this place.
 F = Levels seen in this place.
 G = Mean time per level.
                   A        B        C        D        E       F      G
               +--------+--------+--------+--------+--------+-----+--------+
         Total |   2247 |   2209 |     38 |    246 |   1508 |   3 |  749.0 |
       Dungeon |   2247 |   2209 |     38 |    246 |   1508 |   3 |  749.0 |
               +--------+--------+--------+--------+--------+-----+--------+

Top non-repeatable levels by time:
     D:1: 933 daAuts
     D:2: 702 daAuts
     D:3: 611 daAuts
